PBL
CAROLINA WARHOUNDS @ WASHINGTON NATIONALS
08/18/2070
 
TOP OF THE 1ST
Carolina Warhounds batting - Pitching for Washington Nationals : RHP Billy Kemper
Pitching: RHP Billy Kemper
Batting: LHB Miguel Angel Andrade 0-0: Ball
1-0: Called Strike
1-1: Ball
2-1: Ball
3-1: Foul Ball, location: 5F
3-2: Strikes out looking
Batting: LHB Tony Flores 0-0: Called Strike
0-1: Ball
1-1: Ground out 6-3 (Groundball, 6M, EV 84.4 MPH)
Batting: LHB Jesse Lane 0-0: Fly out, F8 (Flyball, 8RD, EV 105.0 MPH)
Top of the 1st over - 0 runs, 0 hits, 0 errors, 0 left on base; Carolina 0 - Washington 0
BOTTOM OF THE 1ST
Washington Nationals batting - Pitching for Carolina Warhounds : LHP Carl Rose
Pitching: LHP Carl Rose
Batting: RHB Cisco Jiménez 0-0: Ball
1-0: Foul Ball, location: 2F
1-1: Swinging Strike
1-2: Foul Ball, location: 5SF
1-2: Ball
2-2: Foul Ball, location: 2F
2-2: Strikes out swinging
Batting: RHB Shao-qi Ng 0-0: Ball
1-0: Called Strike
1-1: Ball
2-1: Foul Ball, location: 3FF
2-2: Ball
3-2: Strikes out swinging
Batting: RHB José Várquez 0-0: Ball
1-0: Called Strike
1-1: Foul Ball, location: 7LMF
1-2: Foul Ball, location: 2F
1-2: Fly out, F4 (Popup, 4S, EV 63.1 MPH)
Bottom of the 1st over - 0 runs, 0 hits, 0 errors, 0 left on base; Carolina 0 - Washington 0
TOP OF THE 2ND
Carolina Warhounds batting - Pitching for Washington Nationals : RHP Billy Kemper
Batting: RHB Santiago Barbosa 0-0: Ball
1-0: Foul Ball, location: 23FF
1-1: Swinging Strike
1-2: Foul Ball, location: 2F
1-2: Ball
2-2: Foul Ball, location: 5SF
2-2: Foul Ball, location: 2F
2-2: Strikes out swinging
Batting: LHB Carlos Vega 0-0: Ball
1-0: Called Strike
1-1: Fly out, F1 (Line Drive, P, EV 63.8 MPH)
Batting: LHB Christian Snow 0-0: Swinging Strike
0-1: Ball
1-1: Foul Ball, location: 2F
1-2: Strikes out looking
Top of the 2nd over - 0 runs, 0 hits, 0 errors, 0 left on base; Carolina 0 - Washington 0
BOTTOM OF THE 2ND
Washington Nationals batting - Pitching for Carolina Warhounds : LHP Carl Rose
Batting: RHB Francisco Lafrosia 0-0: Ball
1-0: Called Strike
1-1: Ball
2-1: Ball
3-1: Base on Balls
Batting: RHB Rusty Tucker 0-0: Ball
1-0: Called Strike
1-1: Grounds into double play, 4-6-3 (Groundball, 4S, EV 84.4 MPH)
Batting: LHB Gabriel Chacón 0-0: Foul Ball, location: 7LDF
0-1: Ball
1-1: DOUBLE (Line Drive, 89XD, EV 110.6 MPH)
Batting: RHB Logan O'Neill 0-0: Ball
1-0: Swinging Strike
1-1: Foul Ball, location: 2F
1-2: Foul Ball, location: 2F
1-2: Strikes out looking
Bottom of the 2nd over - 0 runs, 1 hit, 0 errors, 1 left on base; Carolina 0 - Washington 0
TOP OF THE 3RD
Carolina Warhounds batting - Pitching for Washington Nationals : RHP Billy Kemper
Batting: RHB John Pruitt 0-0: Foul Ball, location: 9LSF
0-1: Foul Ball, location: 2F
0-2: DOUBLE (Line Drive, 9LD, EV 101.3 MPH)
Batting: RHB Eric Brennan 0-0: Foul Ball, location: 2F
0-1: Foul Ball, location: 2F
0-2: Ball
1-2: Fly out, F8 (Flyball, 78M, EV 88.8 MPH)
Batting: LHB Carl Lewis 0-0: Fly out, F7 (Flyball, 7S, EV 73.8 MPH)
Batting: LHB Miguel Angel Andrade 0-0: Swinging Strike
0-1: Ball
1-1: Called Strike
1-2: Fly out, F9 (Flyball, 9LSF, EV 76.3 MPH)
Top of the 3rd over - 0 runs, 1 hit, 0 errors, 1 left on base; Carolina 0 - Washington 0
BOTTOM OF THE 3RD
Washington Nationals batting - Pitching for Carolina Warhounds : LHP Carl Rose
Batting: RHB Aureliano Cervantes 0-0: Fly out, F3 (Line Drive, 3, EV 68.8 MPH)
Batting: RHB José Guzmán 0-0: Called Strike
0-1: Ball
1-1: SINGLE (Flyball, 8RM, EV 91.9 MPH)
Batting: RHB Cisco Jiménez 0-0: Foul Ball, location: 2F
0-1: DOUBLE (Line Drive, 7LD, EV 106.9 MPH)
José Guzmán to third
Runner from 3rd tries for Home, SAFE, throw by LF to trailing runner, SAFE at third!
Batting: RHB Shao-qi Ng 0-0: Ball
1-0: Swinging Strike
1-1: Called Strike
1-2: 2-RUN HOME RUN (Line Drive, 7LD, EV 101.3 MPH), Distance : 357 ft
Batting: RHB José Várquez 0-0: TRIPLE (Flyball, 78XD, EV 103.8 MPH)
Batting: RHB Francisco Lafrosia 0-0: Ball
1-0: Fly out, F4 (Popup, 3DF, EV 53.1 MPH)
Batting: RHB Rusty Tucker 0-0: Ball
1-0: Called Strike
1-1: Ball
2-1: Foul Ball, location: 3DF
2-2: Strikes out swinging
Bottom of the 3rd over - 3 runs, 4 hits, 0 errors, 1 left on base; Carolina 0 - Washington 3
TOP OF THE 4TH
Carolina Warhounds batting - Pitching for Washington Nationals : RHP Billy Kemper
Batting: LHB Tony Flores 0-0: Called Strike
0-1: DOUBLE (Line Drive, 9LS, EV 110.6 MPH)
Batting: LHB Jesse Lane 0-0: Ball
1-0: Called Strike
1-1: Foul Ball, location: 7LMF
1-2: Fly out, F8 (Flyball, 89D, EV 108.8 MPH)
Runner from 2nd tags up, SAFE at 3rd, no throw by CF
Batting: RHB Santiago Barbosa 0-0: Foul Ball, location: 2F
0-1: Ball
1-1: DOUBLE (Line Drive, 9LS, EV 110.0 MPH)
Tony Flores scores
Batting: LHB Carlos Vega 0-0: Ball
1-0: Ball
2-0: Foul Ball, location: 7LMF
2-1: Swinging Strike
2-2: Ball
3-2: Base on Balls
Batting: LHB Christian Snow 0-0: SINGLE (Line Drive, 9S, EV 104.4 MPH)
Santiago Barbosa to third
Carlos Vega to second
Batting: RHB John Pruitt 0-0: Ball
1-0: Foul Ball, location: 9LMF
1-1: Fielders Choice at 2nd, 3-6 (Groundball, 34S, EV 87.5 MPH)
Santiago Barbosa scores
Carlos Vega to third
Batting: RHB Eric Brennan 0-0: Ball
1-0: Fly out, F6 (Popup, 6MS, EV 68.8 MPH)
Top of the 4th over - 2 runs, 3 hits, 0 errors, 2 left on base; Carolina 2 - Washington 3
BOTTOM OF THE 4TH
Washington Nationals batting - Pitching for Carolina Warhounds : LHP Carl Rose
Batting: LHB Gabriel Chacón 0-0: Ball
1-0: Ball
2-0: Ball
3-0: Called Strike
3-1: Called Strike
3-2: SINGLE (Groundball, 34D, EV 107.5 MPH)
Batting: RHB Logan O'Neill 0-0: Ball
1-0: Foul Ball, location: 2F
1-1: Fly out, F8 (Flyball, 8LM, EV 99.4 MPH)
Batting: RHB Aureliano Cervantes 0-0: Ball
1-0: Foul Ball, location: 2F
1-1: Ball
2-1: Foul Ball, location: 9LSF
2-2: Ball
3-2: Strikes out swinging
Batting: RHB José Guzmán 0-0: Ball
1-0: Ball
2-0: Ball
3-0: Called Strike
3-1: Base on Balls
Gabriel Chacón to second
Batting: RHB Cisco Jiménez 0-0: Ball
1-0: Fly out, F7 (Line Drive, 78D, EV 91.3 MPH)
Bottom of the 4th over - 0 runs, 1 hit, 0 errors, 2 left on base; Carolina 2 - Washington 3
TOP OF THE 5TH
Carolina Warhounds batting - Pitching for Washington Nationals : RHP Billy Kemper
Batting: LHB Carl Lewis 0-0: Ball
1-0: Ball
2-0: Ground out 5-3 (Groundball, 6, EV 86.3 MPH)
Batting: LHB Miguel Angel Andrade 0-0: Ball
1-0: Called Strike
1-1: Foul Ball, location: 2F
1-2: Ball
2-2: SINGLE (Line Drive, 56D, EV 95.0 MPH)
Batting: LHB Tony Flores 0-0: Swinging Strike
0-1: Called Strike
0-2: Fly out, F8 (Flyball, 8RM, EV 88.8 MPH)
Batting: LHB Jesse Lane 0-0: Swinging Strike
0-1: Foul Ball, location: 7LSF
0-2: Ball
1-2: Foul Ball, location: 2F
1-2: 2-RUN HOME RUN (Flyball, 89XD, EV 101.3 MPH), Distance : 394 ft
Batting: RHB Santiago Barbosa 0-0: Called Strike
0-1: Ball
1-1: DOUBLE (Flyball, 78D, EV 110.6 MPH)
Batting: LHB Carlos Vega 0-0: Ball
1-0: Foul Ball, location: 23FF
1-1: Called Strike
1-2: Foul Ball, location: 2F
1-2: Fly out, F7 (Flyball, 78M, EV 98.1 MPH)
Top of the 5th over - 2 runs, 3 hits, 0 errors, 1 left on base; Carolina 4 - Washington 3
BOTTOM OF THE 5TH
Washington Nationals batting - Pitching for Carolina Warhounds : LHP Carl Rose
Batting: RHB Shao-qi Ng 0-0: Swinging Strike
0-1: Called Strike
0-2: Ball
1-2: Ball
2-2: Strikes out looking
Batting: RHB José Várquez 0-0: Ball
1-0: Reached on error, E5 (Groundball, 56, EV 86.9 MPH)
Batting: RHB Francisco Lafrosia 0-0: Called Strike
0-1: Ball
1-1: Ball
2-1: DOUBLE (Line Drive, 89D, EV 99.4 MPH)
José Várquez scores
Batting: RHB Rusty Tucker 0-0: Called Strike
0-1: Ball
1-1: DOUBLE (Groundball, 5L, EV 101.9 MPH)
Francisco Lafrosia scores
Pitching: LHP Ray Murphy
Batting: LHB Gabriel Chacón 0-0: Foul Ball, location: 2F
0-1: Reached on error, E6 (Groundball, 6, EV 86.3 MPH)
Rusty Tucker scores
Batting: RHB Logan O'Neill 0-0: SINGLE (Line Drive, 56, EV 96.3 MPH)
Gabriel Chacón to third
Batting: RHB Aureliano Cervantes 0-0: Called Strike
0-1: DOUBLE (Line Drive, 9LM, EV 95.0 MPH)
Gabriel Chacón scores
Logan O'Neill to third
Batting: RHB José Guzmán 0-0: Ball
1-0: DOUBLE (Line Drive, 78D, EV 111.3 MPH)
Logan O'Neill scores
Aureliano Cervantes scores
Pitching: RHP Zhi-bin Rao
Batting: RHB Cisco Jiménez 0-0: Ball
1-0: Called Strike
1-1: Ball
2-1: Foul Ball, location: 5FF
2-2: Foul Ball, location: 2F
2-2: Strikes out looking
Batting: RHB Shao-qi Ng 0-0: Called Strike
0-1: Ball
1-1: Fly out, F6 (Popup, 4MD, EV 53.8 MPH)
Bottom of the 5th over - 6 runs, 5 hits, 2 errors, 1 left on base; Carolina 4 - Washington 9
TOP OF THE 6TH
Carolina Warhounds batting - Pitching for Washington Nationals : RHP Billy Kemper
Pitching: LHP Jeffery Paige
Batting: LHB Christian Snow 0-0: Ball
1-0: Fly out, F8 (Flyball, 8LM, EV 95.0 MPH)
Batting: RHB John Pruitt 0-0: SOLO HOME RUN (Flyball, 7D, EV 98.8 MPH), Distance : 373 ft
Batting: RHB Eric Brennan 0-0: Called Strike
0-1: Called Strike
0-2: Strikes out looking
Batting: LHB Carl Lewis 0-0: Ball
1-0: Ball
2-0: Called Strike
2-1: Ball
3-1: Foul Ball, location: 2F
3-2: Foul Ball, location: 23F
3-2: SINGLE (Groundball, 4MD, EV 96.9 MPH)
Batting: LHB Miguel Angel Andrade 0-0: Ball
1-0: Ball
2-0: Ball
3-0: Swinging Strike
3-1: Foul Ball, location: 3F
3-2: Foul Ball, location: 5SF
3-2: Base on Balls
Carl Lewis to second
Batting: LHB Tony Flores 0-0: Ball
1-0: DOUBLE (Flyball, 8RXD, EV 111.3 MPH)
Carl Lewis scores
Miguel Angel Andrade to third
Batting: LHB Jesse Lane 0-0: Ball
1-0: Foul Ball, location: 7LMF
1-1: Swinging Strike
1-2: Strikes out swinging
Top of the 6th over - 2 runs, 3 hits, 0 errors, 2 left on base; Carolina 6 - Washington 9
BOTTOM OF THE 6TH
Washington Nationals batting - Pitching for Carolina Warhounds : RHP Zhi-bin Rao
Batting: RHB José Várquez 0-0: Ball
1-0: Ball
2-0: Foul Ball, location: 2F
2-1: Fly out, F4 (Popup, 23, EV 86.3 MPH)
Batting: RHB Francisco Lafrosia 0-0: Foul Ball, location: 25FF
0-1: Ground out 1-3 (Groundball, 13S, EV 68.8 MPH)
Batting: RHB Rusty Tucker 0-0: Ball
1-0: Ball
2-0: SINGLE (Groundball, 4MD, EV 105.0 MPH)
Batting: LHB Gabriel Chacón 0-0: Swinging Strike
0-1: Foul Ball, location: 2RF
0-2: Foul Ball, location: 5FF
0-2: Ball
1-2: Foul Ball, location: 2F
1-2: Fly out, F9 (Flyball, 89S, EV 89.4 MPH)
Bottom of the 6th over - 0 runs, 1 hit, 0 errors, 1 left on base; Carolina 6 - Washington 9
TOP OF THE 7TH
Carolina Warhounds batting - Pitching for Washington Nationals : LHP Jeffery Paige
Batting: RHB Santiago Barbosa 0-0: Ball
1-0: Called Strike
1-1: Fly out, F4 (Line Drive, 4, EV 76.3 MPH)
Batting: LHB Carlos Vega 0-0: Foul Ball, location: 9LMF
0-1: Ball
1-1: Fly out, F7 (Flyball, 7D, EV 108.1 MPH)
Batting: LHB Christian Snow 0-0: Called Strike
0-1: Ball
1-1: Ball
2-1: Foul Ball, location: 7LSF
2-2: Ball
3-2: Base on Balls
Pitching: RHP Iván Hernández
Batting: RHB John Pruitt 0-0: Ground out 5-3 (Groundball, 56, EV 106.3 MPH)
Top of the 7th over - 0 runs, 0 hits, 0 errors, 1 left on base; Carolina 6 - Washington 9
BOTTOM OF THE 7TH
Washington Nationals batting - Pitching for Carolina Warhounds : RHP Zhi-bin Rao
Batting: RHB Logan O'Neill 0-0: Ball
1-0: Swinging Strike
1-1: Called Strike
1-2: Foul Ball, location: 2F
1-2: Ground out 5-3 (Groundball, 15, EV 91.9 MPH)
Batting: RHB Aureliano Cervantes 0-0: Ball
1-0: Ball
2-0: Ball
3-0: SOLO HOME RUN (Flyball, 9D, EV 97.5 MPH), Distance : 372 ft
Batting: RHB José Guzmán 0-0: Called Strike
0-1: Foul Ball, location: 5F
0-2: SINGLE (Line Drive, 34D, EV 106.3 MPH)
Pitching: LHP Bob Harrington
Batting: RHB Cisco Jiménez 0-0: Ball
1-0: Ball
2-0: Fielders Choice at 2nd, 1-6 (Groundball, 34S, EV 72.5 MPH)
Batting: RHB Shao-qi Ng 0-0: Ball
Cisco Jiménez steals 2nd base
1-0: Called Strike
1-1: Ball
2-1: Ball
3-1: Base on Balls
Batting: RHB José Várquez 0-0: 3-RUN HOME RUN (Flyball, 9D, EV 98.8 MPH), Distance : 373 ft
Batting: RHB Francisco Lafrosia 0-0: Called Strike
0-1: Fly out, F7 (Flyball, 7, EV 77.5 MPH)
Bottom of the 7th over - 4 runs, 3 hits, 0 errors, 0 left on base; Carolina 6 - Washington 13
TOP OF THE 8TH
Carolina Warhounds batting - Pitching for Washington Nationals : RHP Iván Hernández
Batting: RHB Eric Brennan 0-0: Swinging Strike
0-1: Swinging Strike
0-2: Ball
1-2: Foul Ball, location: 2F
1-2: Strikes out swinging
Batting: LHB Carl Lewis 0-0: Called Strike
0-1: Called Strike
0-2: Reached on error, E5 (Groundball, 56S, EV 73.1 MPH)
Batting: LHB Miguel Angel Andrade 0-0: Ball
1-0: Ball
2-0: Ball
3-0: Swinging Strike
3-1: Base on Balls
Batting: LHB Tony Flores 0-0: Ball
1-0: Called Strike
1-1: Called Strike
1-2: TRIPLE (Line Drive, 89XD, EV 106.9 MPH)
Carl Lewis scores
Miguel Angel Andrade scores
Batting: LHB Jesse Lane 0-0: Ball
1-0: Ball
2-0: Foul Ball, location: 23F
2-1: Called Strike
2-2: Ball
3-2: Foul Ball, location: 2F
3-2: Foul Ball, location: 23F
3-2: DOUBLE (Flyball, 78D, EV 101.9 MPH)
Tony Flores scores
Pitching: RHP Luis López
Batting: RHB Santiago Barbosa 0-0: Called Strike
0-1: Foul Ball, location: 2F
0-2: Foul Ball, location: 3F
0-2: Ball
1-2: Ball
2-2: Fly out, F7 (Flyball, 7S, EV 88.1 MPH)
Batting: LHB Carlos Vega 0-0: Swinging Strike
0-1: Called Strike
0-2: Ball
1-2: Ground out 5-3 (Groundball, 56, EV 89.4 MPH)
Top of the 8th over - 3 runs, 2 hits, 1 error, 1 left on base; Carolina 9 - Washington 13
BOTTOM OF THE 8TH
Washington Nationals batting - Pitching for Carolina Warhounds : LHP Bob Harrington
Batting: RHB Rusty Tucker 0-0: Ball
1-0: Ball
2-0: Ground out 6-3 (Groundball, 6MD, EV 96.3 MPH)
Batting: LHB Gabriel Chacón 0-0: Ball
1-0: Ball
2-0: Ground out 4-3 (Groundball, 4, EV 105.0 MPH)
Batting: RHB Logan O'Neill 0-0: SINGLE (Groundball, P, EV 84.4 MPH) (infield hit)
Batting: RHB Aureliano Cervantes 0-0: Called Strike
0-1: Called Strike
0-2: Ball
1-2: Ball
2-2: SINGLE (Groundball, 4MD, EV 83.8 MPH) (infield hit)
Logan O'Neill to second
Batting: RHB José Guzmán 0-0: Swinging Strike
0-1: Ball
1-1: Ball
2-1: Swinging Strike
2-2: Ball
3-2: Strikes out swinging
Bottom of the 8th over - 0 runs, 2 hits, 0 errors, 2 left on base; Carolina 9 - Washington 13
TOP OF THE 9TH
Carolina Warhounds batting - Pitching for Washington Nationals : RHP Luis López
Pitching: RHP Peter Smith
Batting: LHB Christian Snow 0-0: Ground out 3-1 (Groundball, 13, EV 89.4 MPH)
Batting: RHB John Pruitt 0-0: Called Strike
0-1: DOUBLE (Line Drive, 78D, EV 108.1 MPH)
Batting: RHB Eric Brennan 0-0: Ball
1-0: Ball
2-0: Called Strike
2-1: Foul Ball, location: 25FF
2-2: Foul Ball, location: 5FF
2-2: Strikes out swinging
Batting: LHB Carl Lewis 0-0: Swinging Strike
0-1: Fly out, F7 (Flyball, 7S, EV 80.6 MPH)
Top of the 9th over - 0 runs, 1 hit, 0 errors, 1 left on base; Carolina 9 - Washington 13
Saturday, February 10th , 2024 - OOTP Baseball 24.10 Build 82